Unix NetHack Version 5.0.0-0 post-release - last build Jun 10 2026 00:39:30 (3ee93aec679c4c4259841fe613dc97188e26a321,branch:main).

Game began 2026-06-01 01:23:58, ended 2026-07-06 01:14:42.

DosFlores, neutral male human Tourist

                                                            ------
 ----------     ---------                                   .....|
 |.........#### |....`..|                                   |....|
 |...?....|    #|........##################%###             |....|
 |........|     |.......|######  -------------#             |...<|
 -------.--     |.......|#       |C.........C|#             -|----
        #####   |.......|#       |.....C.....|#              [####
            #  #|.......|#       |...-----...|#                  #
            #  #-----.---#       |...|.{.|...|#                 ####
            #################### |..C|{.{|C..|##                 # #
                               ##|...|.{.|...|# #####           #  ###
                                #|...---.-...|#^##################`` #
                                #|.....C.....|###             .--+-`-.------
                                #|C.........C.###             |...```......|
                                 -------------                |..@.........|
                                                              |............|
                                                              |.....>..^...|
                                                              --------------

DosFlores the Excursionist  St:10 Dx:14 Co:16 In:11 Wi:11 Ch:17  Neutral
Dlvl:6  $:0  HP:0(56) Pw:26(26) AC:2  Xp:7 T:8065  Blind

Latest messages:
 The hill orc swings her curved sword.
 The hill orc hits!
 You hit the hill orc.
 The hill orc swings her curved sword.
 The hill orc hits!
 You kill the hill orc!
 There is a hill orc corpse here; eat it? [ynq] (n) y
 This hill orc corpse tastes okay.
 You stop eating the hill orc corpse.
 I - a banana.
 The hill orc picks up a scroll labeled VENZAR BORGAVVE.
 You hit the hill orc!
 The hill orc reads a scroll labeled VENZAR BORGAVVE!
 The ceiling rumbles above the hill orc!
 The hill orc is hit by a boulder!
 Fortunately, the hill orc is wearing a hard helmet.
 You are hit by a boulder!
 Your leather hat does not protect you.
 You miss the hill orc.
 The hill orc misses!
 You miss the hill orc.
 The hill orc hits!
 You kill the hill orc!
 You see here a partly eaten hill orc corpse.
 There is a partly eaten hill orc corpse here; eat it? [ynq] (n) y
 You resume your meal.
 You finish eating the hill orc corpse.
 You are carrying too much to get through.
 You are carrying too much to get through.
 The raven bites!
 The raven blinds you!
 Wait!  There's something there you can't see!
 It just misses!
 It misses!
 You hit it.
 It bites!
 It bites!
 You miss it.
 It bites!
 It bites!
 You hit it.
 It bites!
 It just misses!
 It bites!
 You die...
 Do you want your possessions identified? [ynq] (y) y
 Do you want to see your attributes? [ynq] (y) y
 Do you want an account of creatures vanquished? [ynaq] (y) y
 Do you want to see your conduct and achievements? [ynq] (y) y
 Do you want to see the dungeon overview? [ynq] (y) y

Inventory:
 Weapons  (')')
  E - a +0 elven spear (at the ready)
  z - a +0 knife
  J - a blessed +3 spear (weapon in right hand)
 Armor    ('[')
  H - an uncursed +0 elven leather helm (being worn)
  q - a blessed +1 pair of iron shoes (being worn)
  K - an uncursed +0 alchemy smock with text "I'm making SCIENCE!" (being worn)
  r - an uncursed +0 dwarvish cloak
  A - a blessed +1 mummy wrapping
  u - a blessed +0 ring mail (being worn)
 Comestibles  ('%')
  I - an uncursed banana
  y - 2 uncursed food rations
  C - 4 uncursed lichen corpses
 Scrolls  ('?')
  N - a cursed scroll of enchant weapon
  B - an uncursed scroll of light
  h - 4 uncursed scrolls of magic mapping
 Potions  ('!')
  F - a cursed potion of object detection
  x - an uncursed potion of water
 Wands    ('/')
  V - a wand of striking (0:2)
 Tools    ('(')
  s - an uncursed blindfold
  k - an uncursed credit card
  G - an uncursed mirror
  m - an uncursed towel

DosFlores the Tourist's attributes:

Background:
 You were an Excursionist, a level 7 male human Tourist.
 You were neutral, on a mission for The Lady
 who was opposed by Blind Io (lawful) and Offler (chaotic).
 You were right-handed.
 You were in the Dungeons of Doom, on level 6.
 You entered the dungeon 8065 turns ago.
 It was nighttime.
 You had 1151 experience points, 129 more were needed to attain level 8.

Basics:
 You had 0 out of 56 hit points.
 You had all 26 energy points (spell power).
 Your armor class was 2.
 Your wallet was empty.
 Autopickup was off.

Final Characteristics:
 Your strength was 10 (peak:12, limit:18/100).
 Your dexterity was 14 (limit:18).
 Your constitution was 16 (limit:18).
 Your intelligence was 11 (limit:18).
 Your wisdom was 11 (limit:18).
 Your charisma was 17 (limit:18).

Final Status:
 You were temporarily blind.
 You weren't hungry.
 You were unencumbered.
 You were wielding a spear.
 You had basic skill with spear.

Final Attributes:
 You were piously aligned.
 You were poison resistant.
 You were acid resistant.
 Your items were protected from acid.
 You were warded.
 Your spell casting was impaired by metallic armor.
 You are dead.

Miscellaneous:
 You didn't encounter any bones levels.
 Total elapsed playing time was 1 hour, 44 minutes and 51 seconds.

Major events:
 Turn
    1: DosFlores the neutral male human Tourist entered the dungeon
 1501: attained the rank of Sightseer (level 3)
 3325: attained the rank of Excursionist (level 6)
 7648: entered Sokoban
 8065: killed by a raven

Spells:
 Name                 Level Category     Fail Retention
 remove curse           3   clerical     100%  76%-100%
 haste self             3   escape       100%  76%-100%

Skills:
 Fighting Skills
   bare handed combat [Unskilled]
   two weapon combat  [Unskilled]
   riding             [Unskilled]
 Weapon Skills
   dagger             [Unskilled]
   knife              [Unskilled]
   axe                [Unskilled]
   pick-axe           [Unskilled]
   short sword        [Unskilled]
   broadsword         [Unskilled]
   long sword         [Unskilled]
   two-handed sword   [Unskilled]
   saber              [Unskilled]
   mace               [Unskilled]
   morning star       [Unskilled]
   flail              [Unskilled]
   hammer             [Unskilled]
   quarterstaff       [Unskilled]
   polearms           [Unskilled]
   spear              [Basic]
   trident            [Unskilled]
   lance              [Unskilled]
   bow                [Unskilled]
   sling              [Unskilled]
   crossbow           [Unskilled]
   dart               [Basic]
   shuriken           [Unskilled]
   boomerang          [Unskilled]
   whip               [Unskilled]
   unicorn horn       [Unskilled]
 Spellcasting Skills
   divination spells  [Unskilled]
   enchantment spells [Unskilled]
   escape spells      [Unskilled]

Voluntary challenges:
 Character rerolling was not enabled.
 You never genocided any monsters.
 You never polymorphed an object.
 You never changed form.
 You used no wishes.
 You did not violate any of the special Sokoban rules.
Achievements:
 You entered a shop.
 You attained the rank of Sightseer.
 You attained the rank of Excursionist.
 You entered Sokoban.

 The Dungeons of Doom: levels 1 to 8
    Level 1:
    Level 2:
       A general store.
    Level 3:
       A general store, an altar to The Lady.
    Level 4:
    Level 5:
       Some fountains.
    Level 6: <- You were here.
       Many fountains.
       Oracle of Delphi.
       Final resting place for
          you, killed by a raven.
    Level 7:
       A fountain.
       Stairs up to Sokoban, level 6.
    Level 8:
       A fountain, a sink.
 Sokoban:
    Level 6:
       Unsolved.


Vanquished creatures:
  a quivering blob
  4 leprechauns
  a giant spider
  2 orc mummies
  a gold golem
  a lizard
  a blue jelly
  a gnome mummy
  2 Woodland-elves
  a fire ant
  a wood nymph
  a water nymph
  4 rock piercers
  a rock mole
  7 fog clouds
  2 yellow lights
  a shrieker
  a violet fungus
  3 kobold mummies
  2 ghouls
  a little dog
  a dwarf
  a homunculus
  a kobold leader
  8 hill orcs
  3 rothes
  a rabid rat
  2 centipedes
  2 giant bats
  3 orc zombies
  6 iguanas
  2 acid blobs
  a gas spore
  2 hobbits
  4 giant rats
  3 cave spiders
  2 yellow molds
  a green mold
  4 gnomes
  2 garter snakes
  a gnome zombie
  5 geckos
 16 jackals
  5 foxes
  a kobold
  a goblin
  2 sewer rats
 11 grid bugs
  4 lichens
  2 kobold zombies
  6 newts
142 creatures vanquished.

No species were genocided or became extinct.

Game over:
                       ----------
                      /          \
                     /    REST    \
                    /      IN      \
                   /     PEACE      \
                  /                  \
                  |    DosFlores     |
                  |       0 Au       |
                  |   killed by a    |
                  |      raven       |
                  |                  |
                  |                  |
                  |       2026       |
                 *|     *  *  *      | *
        _________)/\\_//(\/(/\)/\//\/|_)_______

Aloha DosFlores the Tourist...

You died in The Dungeons of Doom on dungeon level 6 with 5014 points,
and 0 pieces of gold, after 8065 moves.
You were level 7 with a maximum of 56 hit points when you died.

